 Dungeon Crawl Stone Soup version 0.30-a0-553-g7fabdf1491 (webtiles) character file.

Game seed: 8217866499887206227

1273 arthad the Digger (level 8, -5/45 HPs)
             Began as a Gargoyle Earth Elementalist on Dec 26, 2022.
             Was a Follower of Vehumet.
             Slain by a shadow (7 damage)
             ... on level 6 of the Dungeon.
             The game lasted 00:12:51 (4657 turns).

arthad the Digger (Gargoyle Earth Elementalist)     Turns: 4657, Time: 00:12:52

Health: -5/45      AC: 12    Str: 15    XL:     8   Next: 53%
Magic:  6/14       EV: 12    Int: 26    God:    Vehumet [*.....]
Gold:   78         SH: 10    Dex: 11    Spells: 7/15 levels left

rFire   + . .      SeeInvis .    p - +3 rapier "Ilupnuanidgh" {flame, rC- rCorr Str+3 Int+10}
rCold   . . .      Faith    .    w - +2 buckler
rNeg    + + .      Spirit   .    a - +0 robe
rPois   ∞          Reflect  +    (no helmet)
rElec   +          Harm     .    y - +2 ratskin cloak {*Rats rPois rN+ Str-1 Int-1 Dex+1}
rCorr   +          Rampage  .    u - +0 pair of gloves
Will    .....                    (no boots)
Stlth   +++                      t - amulet of reflection
HPRegen 0.27/turn                h - ring of protection from fire
MPRegen 0.14/turn                z - ring of protection from cold

@: no status effects
A: sickness immunity, AC +5, negative energy resistance 1, electricity
resistance, torment resistance 1, petrification resistance
a: Renounce Religion


You were on level 6 of the Dungeon.
You worshipped Vehumet.
Vehumet was aware of your devotion.
You visited 1 branch of the dungeon, and saw 6 of its levels.

You collected 265 gold pieces.
You spent 187 gold pieces at shops.

Inventory:

Hand Weapons
 d - a +0 whip of flaming
 p - the +3 rapier "Ilupnuanidgh" (weapon) {flame, rC- rCorr Str+3 Int+10}
   (You found it on level 2 of the Dungeon)

   It burns those it strikes, dealing additional fire damage.
   Str:       It affects your strength (+3).
   Int:       It affects your intelligence (+10).
   rC:        It makes you vulnerable to cold.
   rCorr:     It protects you from acid and corrosion.
Armour
 a - a +0 robe (worn)
 u - a +0 pair of gloves (worn)
 w - a +2 buckler (worn)
 y - the +2 ratskin cloak (worn) {*Rats rPois rN+ Str-1 Int-1 Dex+1}
   (You found it on level 5 of the Dungeon)

   When the wearer is hurt, rats may emerge from it to assist them.
   Str:       It affects your strength (-1).
   Int:       It affects your intelligence (-1).
   Dex:       It affects your dexterity (+1).
   rPois:     It protects you from poison.
   rN:        It protects you from negative energy.
Jewellery
 h - a ring of protection from fire (left hand)
 t - an amulet of reflection (around neck)
 z - a ring of protection from cold (right hand)
Wands
 x - a wand of charming (11)
 B - a wand of flame (6)
Scrolls
 c - a scroll of amnesia
 g - 2 scrolls of butterflies {unknown}
 k - 4 scrolls of teleportation {unknown}
 l - 3 scrolls of identify {unknown}
 m - 2 scrolls of fog {unknown}
 n - a scroll of enchant weapon {unknown}
 o - 4 scrolls of noise {unknown}
 r - a scroll of vulnerability {unknown}
Potions
 b - 3 potions of magic
 e - 2 potions of lignification
 f - a potion of flight
 i - a potion of haste
 j - a potion of curing
 q - 2 potions of degeneration {unknown}
 s - a potion of attraction {unknown}
 v - a potion of cancellation {unknown}
 A - a potion of heal wounds


   Skills:
 + Level 2.7 Fighting
 + Level 2.7 Armour
 + Level 2.9 Dodging
 * Level 5.1 Stealth
 * Level 1.5 Shields
 * Level 4.2 Spellcasting
 * Level 3.9 Conjurations
 + Level 2.3 Transmutations
 * Level 6.0 Earth Magic


You had 7 spell levels left.
You knew the following spells:

 Your Spells              Type           Power      Damage    Failure   Level
a - Sandblast             Erth           74%        2d16      1%          1
b - Stone Arrow           Conj/Erth      62%        3d10      4%          3
c - Petrify               Tmut/Erth      27%        N/A       19%         4

Your spell library contained the following spells:

 Spells                   Type           Power      Damage    Failure   Level
 Freeze                   Ice            20%        1d4       11%         1
 Passwall                 Tmut/Erth      22%        N/A       3%          2
 Slow                     Hex            20%        N/A       11%         1
 Confusing Touch          Hex            5%         N/A       32%         3
 Vampiric Draining        Necr           5%         2d6       32%         3
 Summon Forest            Summ/Tloc      2%         N/A       97%         5
 Eringya's Noxious Bog    Tmut/Pois      5%         N/A       100%        6
 Summon Hydra             Summ           2%         N/A       100%        7


Dungeon Overview and Level Annotations

Branches:
Dungeon (6/15)             Temple (0/1) D:4

Altars:
Okawaru
Qazlal
Trog
Vehumet
Wu Jian
Zin

Shops:
D:3 [


Innate Abilities, Weirdness & Mutations

You are immune to sickness and miasma.
Your stone body is resilient. (AC +5)
You are immune to poison.
You resist negative energy. (rN+)
You are resistant to electric shocks. (rElec)
You are resistant to unholy torment.
You are immune to petrification.


Message History

The shadow slips into darkness.
The shadow flickers and vanishes!
Deactivating autopickup; reactivate with Ctrl-A.
Unknown command.
Aiming: Sandblast (safe; 1% risk of failure)
Press: ? - help, Q - select action, (/) - cycle Shift-Dir - straight line, f - you That would be overly suicidal.
Okay, then.
Unknown command.
The shadow strikes at you from the darkness!
A hell rat scurries out from under your cloak.
Reactivating autopickup.
Things that are here:
a +0 short sword; a +0 leather armour
Aiming: Sandblast (safe; 1% risk of failure)
Press: ? - help, Q - select action, (/) - cycle Shift-Dir - straight line, f - shadow
Aim: a shadow (84% to hit)
The blast of sand hits the shadow.
The shadow is lightly damaged.
An orc comes into view. It is wielding a +0 hand axe.
The shadow slips into darkness.
The shadow flickers and vanishes!
Deactivating autopickup; reactivate with Ctrl-A.
The shadow strikes at you from the darkness!
* * * LOW HITPOINT WARNING * * *
A river rat scurries out from under your cloak.
Reactivating autopickup.
As you read the scroll labelled WICUVY ZOIZIP, it crumbles to dust.
It is a scroll of amnesia.
Really abort (and waste the scroll)? [Y]es or [N]o only, please.
Really abort (and waste the scroll)?
Okay, then.
Your hell rat bites the orc.
The shadow hits you.
* * * LOW HITPOINT WARNING * * *
Your hell rat bites the orc!
The orc dies!
Vehumet accepts your kill. The shadow attacks as you move away!
The shadow hits you!
You die...

.. .....# ...##
♣##.....#. .....##
###........
.......###..........
...................
#.......o.<.......
##.......oo#.......
#......r)..##......
###....r@W...#......
#..............###..
......).!...#.## .
..............#
.?..)..##.###...
...$... ### .#.
....... . .......
.......


You could see a shadow (ally target), an orc wizard, 2 orcs, a friendly hell rat
and a friendly river rat.

Vanquished Creatures
  Pikel (D:3)
  Grinder (D:3)
  A black bear (D:5)
  An ogre (D:5)
  A phantom (D:4)
  3 lemures
  A bullfrog (D:5)
  2 hounds (D:5)
  A jelly (D:5)
  2 orc priests
  Jessica (D:2)
  2 orc wizards (D:3)
  3 adders
  4 worms
  7 orcs
  3 bats
  4 endoplasms
  6 giant cockroaches
  5 goblins
  3 hobgoblins
  4 jackals (D:1)
  2 quokkas
  4 ball pythons
  4 frilled lizards
  5 kobolds
  3 rats
74 creatures vanquished.

Vanquished Creatures (collateral kills)
  An orc (D:6)
1 creature vanquished.

Vanquished Creatures (others)
  2 orcs (D:3)
2 creatures vanquished.

Grand Total: 77 creatures vanquished

Notes
Turn   | Place    | Note
-------+----------+-------------------------------------------
     0 | D:1      | arthad the Gargoyle Earth Elementalist began the quest for
                  | the Orb.
     0 | D:1      | Reached XP level 1. HP: 10/10 MP: 3/3
   171 | D:1      | Reached XP level 2. HP: 13/15 MP: 1/5
   876 | D:2      | Identified the +3 rapier "Ilupnuanidgh" {flame, rC- rCorr
                  | Str+3 Int+10}
   914 | D:2      | Reached XP level 3. HP: 19/19 MP: 4/6
   918 | D:2      | Learned a level 3 spell: Stone Arrow
  1176 | D:2      | Noticed Jessica
  1178 | D:2      | Killed Jessica
  1179 | D:2      | Reached skill level 1 in Conjurations
  1179 | D:2      | Reached skill level 1 in Transmutations
  1179 | D:2      | Reached skill level 4 in Earth Magic
  1262 | D:2      | Reached XP level 4. HP: 24/24 MP: 5/7
  1814 | D:3      | Found a bloodstained altar of Trog.
  1862 | D:3      | Found a radiant altar of Vehumet.
  1869 | D:3      | Became a worshipper of Vehumet
  1987 | D:3      | Noticed Grinder
  1987 | D:3      | Paralysed by Grinder for 2 turns
  1990 | D:3      | Paralysed by Grinder for 2 turns
  1996 | D:3      | Killed Grinder
  1997 | D:3      | Reached skill level 1 in Fighting
  1997 | D:3      | Reached skill level 1 in Armour
  1997 | D:3      | Reached XP level 5. HP: 23/29 MP: 3/9
  1997 | D:3      | Reached XP level 6. HP: 27/34 MP: 3/10
  2300 | D:3      | Found Ejubiula's Antique Armour Shoppe.
  2366 | D:3      | Found an ornate altar of the Wu Jian Council.
  2778 | D:3      | Found a stormy altar of Qazlal.
  2900 | D:3      | Found a faded altar of an unknown god.
  3270 | D:4      | Noticed Pikel
  3308 | D:3      | Killed Pikel
  3309 | D:3      | Reached skill level 5 in Earth Magic
  3309 | D:3      | Reached XP level 7. HP: 40/40 MP: 0/12
  3425 | D:4      | Found a staircase to the Ecumenical Temple.
  3565 | D:4      | Reached XP level 8. HP: 41/45 MP: 8/13
  3613 | D:4      | Found an iron altar of Okawaru.
  4010 | D:3      | Bought a glowing buckler for 187 gold pieces
  4088 | D:5      | Entered Level 5 of the Dungeon
  4187 | D:5      | Reached * piety under Vehumet
  4187 | D:5      | Offered knowledge of Freeze by Vehumet.
  4188 | D:5      | Reached skill level 1 in Shields
  4193 | D:5      | Learned a level 4 spell: Petrify
  4299 | D:5      | Found a glowing silver altar of Zin.
  4387 | D:5      | Reached skill level 5 in Stealth
  4396 | D:5      | Reached skill level 6 in Earth Magic
  4497 | D:5      | Found the +2 ratskin cloak {*Rats rPois rN+ Str-1 Int-1
                  | Dex+1}
  4648 | D:6      | Noticed a shadow
  4656 | D:6      | HP: 2/45 [shadow (5)]
  4657 | D:6      | Slain by a shadow

Illustrated notes

Levels and vault maps discovered:
D:1:      wander_arrival_lonely_grave, layout_loops_ring
D:2:      layout_loops_corners, nicolae_concentric_dashed_squares_mild,
          uniq_jessica
D:3:      layout_loops_corners, nicolae_vehumet_altar_sigil,
          general_overflow_altar, nicolae_qazlal_scattered_showers,
          mainiacjoe_overflow_alcove_2, serial_shops, shop_fountains,
          serial_forest, infiniplex_forest_clump_tiny,
          infiniplex_forest_zigzag_1, infiniplex_forest_lined_corner,
          infiniplex_forest_straight_2, infiniplex_forest_straight_2,
          infiniplex_forest_lined_corner, infiniplex_forest_side_room,
          infiniplex_forest_lined_3,
          dreamdust_ecumenical_altar_hidden_monk_grotto, uniq_grinder
D:4:      layout_loops_ring, kennysheep_mini_moat,
          minmay_temple_entry_statues_fountains, uniq_pikel
D:5:      layout_cave_pools, mainiacjoe_overflow_chevrons,
          minmay_increasing_density
D:6:      cheibrodos_iron_armory, layout_cave_pools,
          fedhas_bush_and_centaur_altar, lemuel_round_altar,
          gammafunk_ghost_necromancy, minmay_starry_boxes

Skill      XL: |  1  2  3  4  5  6  7  8 |
---------------+-------------------------+-----
Conjurations   | 1 2 3 |  3.9
Transmutations | 1 2 |  2.3
Earth Magic    | 4 5 6 |  6.0
Dodging        | 2 |  2.9
Fighting       | 1 2 |  2.7
Armour         | 1 2 |  2.7
Stealth        | 3 4 5 |  5.1
Spellcasting   | 3 4 |  4.2
Shields        | 1 |  1.5

Action                   |  1- 3 |  4- 6 |  7- 9 || total
-------------------------+-------+-------+-------++-------
Melee: Rapier            |       |    16 |       ||    16
 Cast: Sandblast         |    31 |    55 |    37 ||   123
  Use: Potion            |       |     7 |       ||     7
       Scroll            |       |       |     1 ||     1
Armor: Robe              |     6 |     5 |     2 ||    13
       Skin              |       |     7 |       ||     7
Dodge: Dodged            |    13 |    10 |     1 ||    24
Block: Other             |       |     5 |     1 ||     6
       Buckler           |       |       |     2 ||     2
       Reflection        |       |       |     1 ||     1

Table legend: (Time is in decaauts)
 A = Elapsed time spent in this place.
 B = Non-inter-level travel time spent in this place.
 C = Inter-level travel time spent in this place.
 D = Time resting spent in this place.
 E = Time spent auto-exploring this place.
 F = Levels seen in this place.
 G = Mean time per level.
                   A        B        C        D        E       F      G
               +--------+--------+--------+--------+--------+-----+--------+
         Total |   4705 |   4429 |    276 |    154 |   3729 |   6 |  784.2 |
       Dungeon |   4705 |   4429 |    276 |    154 |   3729 |   6 |  784.2 |
               +--------+--------+--------+--------+--------+-----+--------+

Top non-repeatable levels by time:
     D:3: 1569 daAuts
     D:2: 946 daAuts
     D:1: 808 daAuts
     D:4: 800 daAuts
     D:5: 558 daAuts
     D:6: 22 daAuts
